← All builds
Tech / Armada / Economy first / OBSERVED BUILD

Standard tech

Armada Tech (Eco) build order · Supreme Isthmus

Rushes T2 by 4:15, gets Advanced Metal Extractor around 5:28, hands off T2 constructors to Geo and the team, then scales eco and supplies the team's T2 needs through the rest of the game.

Usually first T2 con to Geo (83%)

#eco #t2 #team support · 1579 distinct matches · 255 players · 58% of Armada Tech games · team won 53% of 1874 · Recently observed

HOW TO PLAY IT

Key timing: T2 factory by 4:15

  1. Open 3 mex and heavy wind to fund a fast T2 rush.
  2. Put down Bot Lab, planning to eat it for reclaim soon after.
  3. Get Advanced Bot Lab up, hitting the T2 factory rush timing.
  4. Upgrade mex to Advanced Metal Extractor to lock in team metal income.
  5. Eat Advanced Bot Lab and keep sending cons to Geo and Pond.

Phase by phase

TYPICAL OF ITS 1579 GAMES
  1. 1
  2. 2
  3. 3
  4. 4
PLAY THE OPENING

Follow the example game's first 6:00 step by step: what to build now, what comes next, and where it goes. At 1× it keeps pace with your own game.

  1. 1

    Up to the Bot Lab

    Economy
    • Metal Extractor3Mex
    • Wind Turbine4Wind
    Order
    1. Bot LabBot Lab after 3 mex, 4 winddone ~1:18, middle half 1:13–1:32

    Some games also: energy storage (31%)

    By 1:01 in all: 3 mex · 4 wind

    The example game in this phase · 4 steps
    1. Mex ×3
    2. Wind ×4
    3. Energy storage
    4. Bot LabBot Labdone 1:35 · typical 1:18
  2. 2

    Bot Lab to Advanced Bot Lab

    Economy
    • Metal Extractor1Mex
    • Wind Turbine8Wind
    • Energy Storage1Energy storage
    Order
    1. Advanced Bot LabAdvanced Bot Lab after 4 mex, 12 wind, 3 con turretdone ~4:16, middle half 4:04–4:30
    Builders
    • Construction Turret3 Con turret
    • Lazarus3 Lazarus
    • Construction Bot2 Con bot
    • Construction Bot1 Con bot for allies

    Some games also: converter (36%)

    By 3:18 in all: 4 mex · 12 wind · 1 energy storage · 3 con turret

    The example game in this phase · 16 steps
    1. Construction BotCon bot
    2. Wind
    3. LazarusLazarus
    4. Wind ×2
    5. Construction BotCon bot
    6. Mex
    7. LazarusLazarus
    8. Con turret
    9. Construction BotCon botfor Air
    10. Con turret
    11. Wind
    12. Con turret
    13. Wind ×6
    14. Energy storage
    15. Converter ×2
    16. Advanced Bot LabAdvanced Bot Labdone 4:26 · typical 4:16
  3. 3

    Advanced Bot Lab to 5:00

    Economy
    • Wind Turbine3Wind
    Order
    1. Bot LabEat Bot Lab
    Builders
    • Advanced Construction Bot1 T2 con bot for allies

    Some games also: converter (35%)

    By 5:00 in all: 4 mex · 15 wind · 1 converter · 1 energy storage · 3 con turret

    The example game in this phase · 3 steps
    1. Bot LabEat Bot Labreclaimed for its metal
    2. Advanced Construction BotT2 con botfor Geo
    3. Advanced Metal ExtractorT2 mexdone 5:02 · typical 5:29
  4. 4

    5:00 to 10:00

    Economy
    • Wind Turbine43Wind
    • Energy Converter6Converter
    Builders
    • Butler9 Butler
    • Advanced Construction Bot4 T2 con bot for allies
    • Advanced Construction Bot1 T2 con bot

    Some games also: con turret (43%) · Butler for allies (36%)

    By 10:00 in all: 4 mex · 58 wind · 8 converter · 1 energy storage · 3 con turret

    The example game in this phase · 200 steps
    1. Advanced Construction BotT2 con botfor Air
    2. Advanced Metal ExtractorT2 mex ×3
    3. ButlerButler ×3
    4. ButlerButler ×2for Geo sea
    5. Advanced Construction BotT2 con botfor Geo sea
    6. ButlerButler ×2
    7. Wind
    8. ButlerButler
    9. Wind ×11
    10. SharpshooterSniper botdone 8:17
    11. Wind ×17
    12. ButlerButler
    13. Wind ×2
    14. ButlerButler
    15. Wind ×4
    16. ButlerButler
    17. Wind ×2
    18. ButlerButler
    19. Wind ×2
    20. ButlerButler
    21. Wind ×2
    22. ButlerButler
    23. Wind ×2
    24. Converter
    25. Advanced Construction BotT2 con botfor Pond
    26. Wind ×2
    27. Converter
    28. Wind ×2
    29. Converter
    30. Advanced Construction BotT2 con botfor unknown
    31. Wind ×2
    32. Converter
    33. Wind ×2
    34. Converter
    35. Wind ×3
    36. Converter
    37. Wind ×3
    38. Converter
    39. Wind ×3
    40. Converter
    41. Wind ×2
    42. Converter
    43. Wind
    44. Converter
    45. Wind ×3
    46. Converter
    47. Wind ×3
    48. Converter
    49. Wind ×3
    50. Converter
    51. Wind ×3
    52. Converter
    53. Wind ×2
    54. Converter
    55. Wind
    56. Converter
    57. Wind ×3
    58. Converter
    59. Wind ×2
    60. Converter
    61. Wind ×3
    62. Converter
    63. Wind
    64. Converter
    65. Wind ×3
    66. SprinterSprinter
    67. Wind ×2
    68. Converter
    69. Wind
    70. SprinterSprinter
    71. Wind ×2
    72. Converter
    73. Wind ×3
    74. SprinterSprinter
    75. Converter
    76. Wind ×3
    77. SprinterSprinter
    78. Converter
    79. Wind ×3
    80. SprinterSprinter
    81. Wind ×2
    82. Converter
    83. SprinterSprinter
    84. Wind ×3
    85. SprinterSprinter
    86. Wind ×2
    87. Converter
    88. Wind
    89. SprinterSprinter
    90. Wind ×3
    91. Converter
    92. Wind
    93. SprinterSprinter
    94. Wind ×5
    95. Converter
    96. ButlerButler
    97. Wind ×3
    98. ButlerButler
    99. Wind
    100. Converter
    101. Wind ×2
    102. ButlerButler
    103. Wind ×3
    104. Converter
    105. Wind
    106. ButlerButler
    107. Wind ×3
    108. Converter
    109. ButlerButler
    110. Wind ×5
    111. Converter
    112. Wind ×2
    113. ButlerButler
    114. Wind ×5
    115. Converter
    116. Wind ×5
    117. Converter
    118. ButlerButler
    119. Wind ×7
    120. Converter
    121. Wind ×7
    122. Converter
    123. Wind ×2
    124. ButlerButler
    125. Wind ×3
    126. UmbrellaAnti-nukedone 12:38
    127. Wind ×3
    128. Converter
    129. Wind ×10
    130. Converter
    131. Wind ×7
    132. Converter
    133. Wind ×10
    134. Converter
    135. Wind ×9
    136. Converter
    137. Wind ×7
    138. Converter
    139. Wind ×7
    140. Converter
    141. Wind ×8
    142. Converter
    143. Wind ×8
    144. Converter
    145. Wind ×4
    146. Advanced Construction BotT2 con bot
    147. Wind ×5
    148. Con turret
    149. Wind ×26
    150. Con turret
    151. Wind ×4
    152. Con turret ×2
    153. Wind
    154. Con turret
    155. Wind
    156. Con turret
    157. Wind ×3
    158. Converter
    159. Wind ×8
    160. ButlerButler
    161. Wind
    162. Converter
    163. Wind ×7
    164. ButlerButler
    165. Wind
    166. Converter
    167. Wind ×8
    168. Converter
    169. Wind ×5
    170. Con turret ×2
    171. Wind ×4
    172. Converter
    173. Wind ×2
    174. Advanced Fusion ReactorAdvanced Fusion Reactornot finished by 15:00
    175. Wind ×6
    176. Converter
    177. Wind ×9
    178. Converter
    179. Wind ×8
    180. Converter
    181. Wind ×5
    182. Converter
    183. Wind ×3
    184. Advanced Bot LabEat Advanced Bot Labreclaimed for its metal
    185. Converter
    186. Wind ×5
    187. Converter
    188. Wind ×3
    189. Converter
    190. Wind ×5
    191. Converter
    192. Wind ×2
    193. Converter
    194. Wind ×5
    195. Converter
    196. Wind ×5
    197. Converter
    198. Wind ×4
    199. Converter
    200. Wind

Counts are medians over the build's games: half of them build more, half fewer. The example game is VanillaChan's (34 OS, 26/08/2026); pick another.

Team trades

IN AT LEAST 30% OF ITS GAMES

You hand over

  • Construction Bot1 Con bot to Airfirst at 2:23 · in 84% of games
  • Advanced Construction Bot5 T2 con bot to Air or Geo sea or Pondfirst at 4:50 · in 99% of games
  • Butler2 Butler to Geo sea or Beach sea or Pondfirst at 9:07 · in 42% of games

You get

  • Hercules1 Light transport from Airfirst at 4:01 · in 86% of games

How it plays out

Typical game of this build, running totals by minute

Metal produced

020k40k
0:005:0010:0015:00

metal

Enemy metal destroyed

050100
0:005:0010:0015:00

metal

Own metal lost

050100150
0:005:0010:0015:00

metal

1874 games.

Show as table
ByMetal produced: This buildEnemy metal destroyed: This buildOwn metal lost: This build
1:0038300
2:0091500
3:00165100
4:00314400
5:00484700
6:00580000
7:00722700
8:00906100
9:001117300
10:001350300
11:001624200
12:001965600
13:002344500
14:0027362073
15:003154285130
WHAT THE NUMBERS SAY

Standard Tech play barely fights at all early, instead pouring metal into T2 infrastructure and constructors for the team.

  • + Metal produced hits 31679 by 15:00, by far the highest of any role here.
  • + T2 factory reached in 97% of games by 4:15, fastest and most reliable T2 timing.
  • − Enemy metal destroyed stays at 0 through 10:00, no early offense at all.
  • − Own metal lost also near 0, showing total avoidance of combat risk.
THE EXAMPLE YOU ARE READING

VanillaChan

33.8 OS · 26/08/2026

Open source match ↗

1 received units
2705 metal received · 54398 energy received

Allied construction assistance is unknown. Timings are observations, not a promise of solo reproducibility.

Typical milestones

Bot Lab1:18Middle 50%: 1:13–1:32 · n=1874
Advanced Bot Lab4:16Middle 50%: 4:04–4:30 · n=1867
Advanced Metal Extractor5:29Middle 50%: 5:05–5:59 · n=1870

Played most by

Amrissa93games of this buildTheGeneraI66games of this buildAdeus57games of this buildEl_Turco56games of this buildKOT_43games of this build